 Dungeon Crawl Stone Soup version 0.19-a0-831-gce7da8b (webtiles) character file.

255 matakusis the Caller (level 5, -2/22 HPs)
             Began as a Deep Elf Summoner on June 30, 2016.
             Slain by a hellwing (10 damage)
             ... on level 1 of the Abyss.
             The game lasted 00:28:46 (3764 turns).

matakusis the Caller (Deep Elf Summoner)            Turns: 3764, Time: 00:28:46

Health: -2/22      AC:  4    Str:  4 (5)  XL:     5   Next: 91%
Magic:  2/15       EV: 13    Int: 19 (21) God:
Gold:   359        SH:  0    Dex: 14 (15) Spells: 4 memorised, 4 levels left

rFire  + . .     SeeInvis .     m - +0 halberd
rCold  . . .     Gourm    .     a - +1 robe
rNeg   . . .     Faith    .     (shield currently unavailable)
rPois  .         Spirit   .     (no helmet)
rElec  .         Dismiss  .     f - +0 cloak
rCorr  .         Reflect  .     (no gloves)
SustAt .         Harm     .     (no boots)
MR     .....                    q - amulet of rage
Stlth  +++.......               o - ring of protection from fire
                                h - ring of stealth

@: very slightly contaminated, not resistant to hostile enchantments, fairly
stealthy
A: frail 2
a: Evoke Berserk Rage


You were on level 1 of the Abyss.
You were hungry.

You visited 1 branch of the dungeon, and saw 4 of its levels.
You visited the Abyss 1 time.

You collected 359 gold pieces.

Inventory:

Hand Weapons
 i - the +9 quarterstaff of Uncomfortable Rashes {crush, rC- rN+ Dex+3, unknown}
   (You found it on level 1 of the Abyss)

   It inflicts extra damage upon your enemies.
   It affects your dexterity (+3).
   It makes you vulnerable to cold.
   It protects you from negative energy.
 j - a +0 short sword
 m - a +0 halberd (weapon)
Missiles
 d - a throwing net (quivered)
Armour
 a - a +1 robe (worn)
 f - a +0 cloak (worn)
Jewellery
 h - a ring of stealth (left hand)
 o - a ring of protection from fire (right hand)
 q - an amulet of rage (around neck)
Scrolls
 e - 2 scrolls of remove curse
 g - a scroll of identify
 r - a scroll of blinking {unknown}
Potions
 k - a potion of flight
 n - 4 potions of curing
Books
 b - a book of Callings

   Spells                             Type                      Level
   a - Summon Small Mammal            Summoning                    1
   b - Call Imp                       Summoning                    2
   c - Call Canine Familiar           Summoning                    3
   d - Summon Guardian Golem          Hexes/Summoning              3
   e - Summon Lightning Spire         Summoning/Air                4
   f - Summon Ice Beast               Ice/Summoning                4
 p - a book of Cantrips

   Spells                             Type                      Level
   a - Confusing Touch                Hexes                        1
   b - Animate Skeleton               Necromancy                   1
   c - Summon Small Mammal            Summoning                    1
   d - Apportation                    Translocation                1
Comestibles
 c - 4 bread rations


   Skills:
 - Level 2.4 Dodging
 - Level 2.4 Stealth
 + Level 5.5 Spellcasting
 * Level 6.8 Summonings


You had 4 spell levels left.
You knew the following spells:

 Your Spells              Type           Power        Failure   Level  Hunger
a - Summon Small Mammal   Summ           ####         1%          1    None
b - Call Imp              Summ           ####....     1%          2    None
c - Summon Lightning Spi  Summ/Air       ###.....     34%         4    ####...
d - Summon Ice Beast      Ice/Summ       ###.....     34%         4    ####...


Dungeon Overview and Level Annotations

Branches:
Dungeon (4/15)
 Temple: D:4-7

Altars:
Dithmenos
Kikubaaqudgha
Ru
The Shining One


Innate Abilities, Weirdness & Mutations

[You are very frail. (-20% HP)]


Message History

Something barely misses your lightning spire.
The wind drake hisses angrily.
The wind drake bites you. Something hits your lightning spire!
Something barely misses your lightning spire.
Something hits your lightning spire!
Your lightning spire is destroyed!
The wind drake flaps its wings at you. The air twists around and strikes you!
* * * LOW HITPOINT WARNING * * *
The wretched star pulses with an eldritch light!
You feel frail. x2
The wind drake twists and deforms.
The wind drake exhales a fierce blast of wind!
The deep elf mage shouts!
The neqoxec gestures.
A hellwing comes into view.
The hellwing gives a chilling moan.
The hellwing hits you!
You die...

.#..##.##. #
#...#.. ##.# .#
.#...# #..##.
..# ....*e.#.##§
....
.#.#..#5.§.#
.#.# #..5x3....#
..#
..#5##*##..##..#
. ##.#...k# .#
#@.#.#.#..#
#...#4####.#
#....##.## ###
###. .. .. .#.#
.# .# .. ##


You could see a wretched star, a wind drake, a hellwing, a neqoxec, a quasit and
a crimson imp.

Vanquished Creatures
  An orc priest (D:4)
  An orc wizard (D:4)
  An adder (D:1)
  An orc (D:4)
  A jackal (D:3)
  2 rats
7 creatures vanquished.

Vanquished Creatures (collateral kills)
  A crimson imp (D:3)
  A quasit (Abyss:1)
  2 orc priests (D:4)
  2 orc wizards
  3 gnolls (D:2)
  4 adders
  An ooze (D:2)
  2 dart slugs
  A giant gecko (D:3)
  6 orcs
  4 giant cockroaches
  9 goblins
  9 hobgoblins
  14 jackals
  A quokka (D:4)
  8 bats
  6 giant newts
  10 kobolds
  3 rats
87 creatures vanquished.

Grand Total: 94 creatures vanquished

Notes
Turn   | Place    | Note
--------------------------------------------------------------
     0 | D:1      | matakusis the Deep Elf Summoner began the quest for the Orb.
     0 | D:1      | Reached XP level 1. HP: 10/10 MP: 6/6
     3 | D:1      | Noticed an electric eel
     3 | D:1      | Noticed an electric eel
   283 | D:1      | Found a glowing golden altar of the Shining One.
   534 | D:1      | Reached XP level 2. HP: 10/15 MP: 0/8
   535 | D:1      | Reached skill level 5 in Summonings
   740 | D:1      | Learned a level 2 spell: Call Imp
   942 | D:2      | Found a sacrificial altar of Ru.
   948 | D:2      | Reached XP level 3. HP: 19/19 MP: 7/10
  1152 | D:2      | Found a faded altar of an unknown god.
  1289 | D:2      | Reached XP level 4. HP: 24/24 MP: 6/12
  1295 | D:2      | Learned a level 4 spell: Summon Lightning Spire
  1302 | D:2      | Learned a level 4 spell: Summon Ice Beast
  1451 | D:2      | Found a shadowy altar of Dithmenos.
  2618 | D:3      | Reached skill level 6 in Summonings
  3226 | D:4      | Found an ancient bone altar of Kikubaaqudgha.
  3239 | D:4      | Reached XP level 5. HP: 28/28 MP: 10/14
  3269 | D:4      | Reached skill level 5 in Spellcasting
  3398 | D:4      | Cast into level 1 of the Abyss (orc)
  3408 | Abyss:1  | Noticed a small abomination
  3465 | Abyss:1  | Noticed a starcursed mass
  3510 | Abyss:1  | Noticed a thrashing horror
  3517 | Abyss:1  | Noticed a large abomination
  3530 | Abyss:1  | Noticed a thrashing horror
  3571 | Abyss:1  | Noticed a small abomination
  3579 | Abyss:1  | Noticed a thrashing horror
  3580 | Abyss:1  | Noticed an eye of draining
  3619 | Abyss:1  | Noticed a neqoxec
  3635 | Abyss:1  | Noticed a raiju
  3645 | Abyss:1  | Noticed a chaos spawn
  3651 | Abyss:1  | Noticed a spatial vortex
  3652 | Abyss:1  | Noticed a spatial vortex
  3653 | Abyss:1  | Noticed a chaos spawn
  3691 | Abyss:1  | Noticed a deep elf mage
  3692 | Abyss:1  | Noticed a wretched star
  3707 | Abyss:1  | Noticed a spatial maelstrom
  3712 | Abyss:1  | Noticed a tentacled starspawn
  3716 | Abyss:1  | Noticed a spatial vortex
  3727 | Abyss:1  | Noticed a flying skull
  3732 | Abyss:1  | Noticed a flying skull
  3748 | Abyss:1  | Noticed a neqoxec
  3752 | Abyss:1  | Got an iridescent quarterstaff
  3755 | Abyss:1  | Noticed a small abomination
  3758 | Abyss:1  | Noticed a wind drake
  3763 | Abyss:1  | Noticed a hellwing
  3764 | Abyss:1  | Slain by a hellwing

Vault maps used:
D:1:      arrival_aquarium_b, grunt_decor_one_mirror, tso_metal_star
D:2:      nicolae_overflow_crystal_walls, nicolae_ru_great_annihilating_truth,
          ecumenical_altar_2, st_stairs_7
D:3:      serial_curves, eino_curves_01, eino_curves_02, eino_curves_04
D:4:      kiku_gazebo_pond_becter, kennysheep_mini_moat

Skill      XL: |  1  2  3  4  5 |
---------------+----------------+-----
Summonings     | 5 6 |  6.8
Spellcasting   | 4 5 |  5.5
Dodging        | |  2.4
Stealth        | |  2.4

Action                   |  1- 3 |  4- 6 || total
-------------------------+-------+-------++-------
Melee: Short sword       |    19 |       ||    19
       Unarmed           |     3 |       ||     3
       Halberd           |       |    46 ||    46
 Cast: Summon Small Mamm |    28 |       ||    28
       Call Imp          |    18 |     5 ||    23
       Summon Ice Beast  |       |    13 ||    13
       Summon Lightning  |       |    11 ||    11
  Use: Scroll            |       |     8 ||     8
       Potion            |       |     4 ||     4
 Stab: Sleeping          |       |     1 ||     1
  Eat: Chunk             |     1 |    12 ||    13
       Pizza             |       |     1 ||     1
Armor: Robe              |     2 |     9 ||    11
Dodge: Dodged            |    26 |    41 ||    67
